Unix NetHack Version 5.0.0-0 post-release - last build Jun 10 2026 00:39:30 (3ee93aec679c4c4259841fe613dc97188e26a321,branch:main).

Game began 2026-06-24 13:48:23, ended 2026-06-24 14:45:03.

Drastanta, lawful male human Priest

                                            ---          ----
                                            |.---        |..|---
                                           .....----     |..--.--
                                           ........| -----..*...---
                                           -..----.---..%....)))..|
                                           --.|  |.......---....).|----
                                            |*|  ----.<..| |.....)--..--
                                            |.|     --.--- -----.).....|
                                            |.|      ---       |[.....--
                                            |.---              |...----
                                           --...--         -----.---
                                       ..---.*...|        --....[-----------
                            -G|       -..........|        |.............--.--
                            |.|      ......%.....---      |..--------.......|
                            |a---    ...%.)%--.....---    ----      --...[..|
                            |@).------.....----.-....|               --.....|
                            --....)..)...^.-- |-....--                ---...|
                             --------^......--|.....--                  --..--
                                    --.......|--.|..^|                   --..|
                                     ---.--..| ----..|                    |..|
                                       -------    ----                    ----
Drastanta the Adept          St:13 Dx:11 Co:15 In:13 Wi:15 Ch:9  Lawful
Dlvl:6  $:43 HP:0(44) Pw:35(50) AC:4  Xp:6 T:3402 

Latest messages:
 You kill the wolf!
 The wolf bites!
 You miss the wolf.
 The wolf bites!
 You hit the wolf!
 The wolf bites!
 You hit the wolf!
 The wolf bites!
 You hit the wolf!
 The wolf bites!
 In what direction? .
 You feel better.
 The wolf bites!
 You kill the wolf!
 You kill the hobgoblin!
 You see here a hobgoblin corpse.
 You see here a wolf corpse.
 The dwarf throws a dagger!
 You are hit by a dagger.
 A board beneath you squeaks an E flat loudly.
 The dwarf hits!
 You hit the dwarf!
 You kill the dwarf!
 A board beneath you squeaks a D note loudly.
 An arrow misses you.
 The gnome shoots an arrow!
 You are hit by an arrow.
 The gnome swings his bow.
 The gnome hits!
 You kill the gnome!
 The gnome swings his bow.
 The gnome hits!
 You hit the gnome!
 The gnome swings his bow.
 The gnome hits!
 You kill the gnome!
 In what direction? .
 You feel better.
 You hit the giant beetle!
 The giant beetle bites!
 The gnome throws a dart!
 The dart hits the giant beetle.
 You miss the giant beetle.
 The giant beetle bites!
 The gnome throws a dart!
 The dart hits the giant beetle.
 You miss the giant beetle.
 The giant beetle bites!
 You die...
 Do you want your possessions identified? [ynq] (y) q

Inventory:
 Coins    ('$')
  $ - 43 gold pieces
 Amulets  ('"')
  T - an amulet of magical breathing (being worn)
 Weapons  (')')
  a - a blessed +2 mace (weapon in right hand)
 Armor    ('[')
  P - a +0 helm of caution (being worn)
  Y - a +0 pair of iron shoes (being worn)
  c - a +0 small shield (being worn)
  l - a +0 alchemy smock with text "I am an alchemist; if you see me running, try to catch up..."
  b - a +0 robe (being worn)
 Comestibles  ('%')
  e - a clove of garlic
  F - a eucalyptus leaf
  Q - 2 food rations
  f - a sprig of wolfsbane
 Scrolls  ('?')
  t - a scroll of enchant armor
  z - a cursed scroll of enchant armor
  n - a scroll of enchant weapon
  Z - a scroll of food detection
  r - 2 blessed scrolls of identify
  J - a scroll of light
  u - a scroll of magic mapping
 Potions  ('!')
  R - a potion of extra healing
  K - a potion of see invisible
  x - a potion of sleeping
  E - a diluted potion of speed
  d - 3 potions of holy water
  v - a potion of water
  y - a potion of water
  o - a potion of unholy water
 Rings    ('=')
  U - a cursed ring of hunger
 Wands    ('/')
  O - a wand of fire (0:5)
  j - a wand of fire (0:1)
  k - a wand of make invisible (0:6)
  N - a wand of polymorph (0:6)
  W - a cursed wand of speed monster (0:8)
 Tools    ('(')
  h - a can of grease (0:10)
  G - a lock pick
  i - an oil lamp (lit)
  X - a tallow candle
  M - a tin opener
  w - a tin whistle

Drastanta the Priest's attributes:

Background:
 You were an Adept, a level 6 human Priest.
 You were lawful, on a mission for Ptah
 who was opposed by Thoth (neutral) and Anhur (chaotic).
 You were right-handed.
 You were in the Gnomish Mines, on level 6.
 You entered the dungeon 3402 turns ago.
 You had 580 experience points, 60 more were needed to attain level 7.

Basics:
 You had 0 out of 44 hit points.
 You had 35 out of 50 energy points (spell power).
 Your armor class was 4.
 Your wallet contained 43 zorkmids.
 Autopickup was on for '$' plus thrown.

Final Characteristics:
 Your strength was 13 (limit:18/100).
 Your dexterity was 11 (limit:18).
 Your constitution was 15 (limit:18).
 Your intelligence was 13 (limit:18).
 Your wisdom was 15 (limit:18).
 Your charisma was 9 (limit:18).

Final Status:
 You weren't hungry.
 You were unencumbered.
 You were wielding a mace.
 You were skilled in mace.

Final Attributes:
 You were piously aligned.
 You were warned.
 You could survive without air.
 You were guarded.
 Your spell casting was enhanced by wearing a robe.
 You are dead.

Miscellaneous:
 You didn't encounter any bones levels.
 Total elapsed playing time was 56 minutes and 40 seconds.

Major events:
 Turn
    1: Drastanta the lawful human Priest entered the dungeon
 1458: attained the rank of Acolyte (level 3)
 2079: read a Discworld novel
 2669: entered the Gnomish Mines
 2777: attained the rank of Adept (level 6)
 3402: killed by a giant beetle

Spells:
 Name                 Level Category     Fail Retention
 healing                1   healing        0%  76%-100%
 cure sickness          3   healing       97%  76%-100%
 jumping                1   escape         0%  76%-100%
 light                  1   clerical       0%   81%-90%

Skills:
 Fighting Skills
   bare handed combat [Unskilled]
 Weapon Skills
   club               [Unskilled]
   mace               [Skilled]
   morning star       [Unskilled]
   flail              [Unskilled]
   hammer             [Unskilled]
   quarterstaff       [Unskilled]
   polearms           [Unskilled]
   spear              [Unskilled]
   trident            [Unskilled]
   lance              [Unskilled]
   bow                [Unskilled]
   sling              [Unskilled]
   crossbow           [Unskilled]
   dart               [Unskilled]
   shuriken           [Unskilled]
   boomerang          [Unskilled]
   unicorn horn       [Unskilled]
 Spellcasting Skills
   healing spells     [Unskilled]
   divination spells  [Unskilled]
   clerical spells    [Basic]

Voluntary challenges:
 Character rerolling was not enabled.
 You never genocided any monsters.
 You never polymorphed an object.
 You never changed form.
 You used no wishes.
Achievements:
 You entered a shop.
 You attained the rank of Acolyte.
 You read from a Discworld novel.
 You entered the Gnomish Mines.
 You attained the rank of Adept.

 The Dungeons of Doom: levels 1 to 4
    Level 1:
       An altar to Ptah, a fountain.
    Level 2:
       A scroll shop.
    Level 3:
       A general store, a grave.
    Level 4:
       A scroll shop.
       Stairs down to The Gnomish Mines.
 The Gnomish Mines: levels 5 to 6
    Level 5:
    Level 6: <- You were here.
       Final resting place for
          you, killed by a giant beetle.


Vanquished creatures:
  2 small mimics
  4 wolves
  2 water moccasins
  a shrieker
  2 gnome leaders
  a kobold mummy
  a straw golem
  a little dog
  a kitten
  4 dwarves
  a homunculus
  7 hill orcs
  a rothe
  a centipede
  a giant bat
  a wererat
 an iguana
 an acid blob
  a hobbit
  a hobgoblin
  a giant rat
  a yellow mold
 18 gnomes
  a gecko
  8 jackals
  a fox
  2 kobolds
  a goblin
  6 sewer rats
 14 grid bugs
  2 bats
  3 lichens
  a kobold zombie
  4 newts
98 creatures vanquished.

No species were genocided or became extinct.

Game over:
                       ----------
                      /          \
                     /    REST    \
                    /      IN      \
                   /     PEACE      \
                  /                  \
                  |    Drastanta     |
                  |      43 Au       |
                  |   killed by a    |
                  |   giant beetle   |
                  |                  |
                  |                  |
                  |       2026       |
                 *|     *  *  *      | *
        _________)/\\_//(\/(/\)/\//\/|_)_______

Goodbye Drastanta the Priest...

You died in The Gnomish Mines on dungeon level 6 with 2639 points,
and 43 pieces of gold, after 3402 moves.
You were level 6 with a maximum of 44 hit points when you died.

